 Dungeon Crawl Stone Soup version 0.29.0-4-gdea44cf6ec (webtiles) character file.

Game seed: 17289059603118633045

79985 qw the Severer (level 15, -23/98 HPs)
             Began as a Gargoyle Fighter on Sept 9, 2022.
             Was a High Priest of Okawaru.
             Annihilated by an orc warrior
             ... wielding a +0 glaive
             ... led by an orc knight
              (27 damage)
             ... on level 2 of the Orcish Mines.
             The game lasted 00:11:02 (26241 turns).

qw the Severer (Gargoyle Fighter)                  Turns: 26241, Time: 00:11:02

Health: -23/98     AC: 40    Str: 18 (21) XL:     15   Next: 65%
Magic:  16/22      EV:  8    Int: 10 (12) God:    Okawaru [*****.]
Gold:   1614       SH: 15    Dex:  9      Spells: 14/14 levels left

rFire   + . .      SeeInvis .   u - +0 war axe (vamp)
rCold   . . .      Faith    .   y - +2 kite shield {reflect}
rNeg    + + .      Spirit   .   f - +0 plate armour
rPois   inf        Reflect  +   w - +4 helmet of Ezumei Soizu {*Slow rElec rF+ Regen+}
rElec   +          Harm     .   j - scarf {repulsion}
rCorr   .          Rampage  .   x - +1 pair of gloves of Absolutism {rElec rN+ Str-5 Int+2}
Will    ++...      Clarity  +   c - +2 pair of boots
Stlth   ..........              (no amulet)
HPRegen 1.06/turn               p - ring of willpower
MPRegen 0.18/turn               b - +4 ring of protection

@: about to teleport, heroic, finesse-ful, flying, slowed, repel missiles, very
slow
A: sickness immunity, AC +11, big wings, negative energy resistance 1,
electricity resistance, torment resistance 1, petrification resistance, clarity,
deformed body, deterioration 1, MP-powered wands
a: Renounce Religion, Heroism, Finesse, Duel


You were on level 2 of the Orcish Mines.
You worshipped Okawaru.
Okawaru was extremely pleased with you.
You visited 4 branches of the dungeon, and saw 23 of its levels.
You also visited: Sewer.

You collected 3413 gold pieces.
You spent 1799 gold pieces at shops.


Innate Abilities, Weirdness & Mutations

You are immune to sickness and miasma.
Your stone body is resilient. (AC +11)
You are immune to poison.
Your large and strong wings let you fly.
You resist negative energy. (rN+)
You are resistant to electric shocks. (rElec)
You are resistant to unholy torment.
You are immune to petrification.
You possess an exceptional clarity of mind.
Armour fits poorly on your strangely shaped body.
Your body sometimes deteriorates upon taking damage.
You expend magic power (3 MP) to strengthen your wands.


   Skills:
 - Level 13.0(18.0) Fighting
 - Level 16.0(21.0) Axes
 - Level 0.2(5.2) Throwing
 + Level 12.0(17.0) Armour
 - Level 2.0(7.0) Dodging
 - Level 13.0(18.0) Shields
 - Level 10.0 Invocations


You had 14 spell levels left.
You didn't know any spells.
Your spell library was empty.

Inventory:

Hand Weapons
 k - a +5 broad axe of chaos
 u - a +0 vampiric war axe (weapon)
 z - a +0 morningstar
Armour
 a - a +1 cloak
 c - a +2 pair of boots (worn)
 f - a +0 plate armour (worn)
 j - a scarf of repulsion (worn)
 w - the +4 helmet of Ezumei Soizu (worn) {*Slow rElec rF+ Regen+}
   (Okawaru gifted it to you on level 12 of the Dungeon)

   rF:        It protects you from fire.
   rElec:     It insulates you from electricity.
   Regen:     It increases your rate of health regeneration.
   *Slow:     It may slow you when you take damage.
 x - the +1 pair of gloves of Absolutism (worn) {rElec rN+ Str-5 Int+2}
   (Okawaru gifted it to you on level 4 of the Lair of Beasts)

   Str:       It affects your strength (-5).
   Int:       It affects your intelligence (+2).
   rElec:     It insulates you from electricity.
   rN:        It protects you from negative energy.
 y - a +2 kite shield of reflection (worn)
 B - a +4 scale mail of fire resistance
Jewellery
 b - a +4 ring of protection (right hand)
 l - a ring of fire
 p - a ring of willpower (left hand)
 v - the ring of the Hurting Priest {Fire rN+ Int-5 Dex+4}
   (You found it on level 5 of the Lair of Beasts)

   [ring of fire]

   It enhances your fire magic.
   Int:       It affects your intelligence (-5).
   Dex:       It affects your dexterity (+4).
   rF:        It protects you from fire.
   rC:        It makes you vulnerable to cold.
   rN:        It protects you from negative energy.
 A - a ring of ice
Wands
 e - a wand of digging (3)
Scrolls
 m - a scroll of brand weapon
 o - 11 scrolls of identify
 q - 11 scrolls of teleportation
 t - 2 scrolls of blinking
Potions
 d - 6 potions of might
 g - 6 potions of lignification
 h - 6 potions of curing
 i - 4 potions of resistance
 n - 3 potions of attraction
 r - 4 potions of cancellation
 s - 3 potions of heal wounds
 C - a potion of haste

Dungeon Overview and Level Annotations

Branches:
Dungeon (15/15)            Temple (1/1) D:6            Lair (5/5) D:8
 Shoals (0/4) Lair:3        Snake (0/4) Lair:3        Slime (0/5) Lair:4
    Orc (2/2) D:12         Vaults (0/5) D:13         Depths (0/4) D:15
  Sewer (visited)
    Elf: Orc:2

Altars:
Cheibriados
Elyvilon
Fedhas
Gozag
Kikubaaqudgha
Okawaru
Ru
Sif Muna
Trog
Vehumet
Wu Jian
Xom
Yredelemnul
Zin
The Shining One
Jiyva

Shops:
D:4 (   D:7 ?(?*   D:12 [   D:14 !   Orc:1 :   Orc:2 *

Annotations:
D:6 3 runed translucent doors, qw's ghost, novice GrFi


Message History

The orc warrior hits you but does no damage.
You block the orc warrior's attack. Something hits you but does no damage.
Deactivating autopickup; reactivate with Ctrl-A.
The orc knight hits you with a +3 great sword of draining.
The orc warrior hits you but does no damage.
The orc high priest starts to sing a prayer.
The orc high priest barely misses you.
You barely miss the orc warrior.
The orc warrior is almost dead.
You hit the orc priest but do no damage.
You slash something! Okawaru accepts your kill.
Reactivating autopickup.
You feel a bit more experienced.
You hit the warg but do no damage. You hit the orc knight.
You feel better. You block the warg's attack.
You hit the orc warrior.
You kill the orc warrior!
Okawaru accepts your kill.
You closely miss the orc knight. You slash the orc priest!
You barely miss the warg.
You feel like a meek peon again.
Your Fighting skill increases to level 13!
26240 ||| INVOKING Heroism.
You gain the combat prowess of a mighty hero.
You block the warg's attack. You block the orc priest's attack.
The orc warrior hits you from afar with a +0 trident!!
The orc warrior completely misses you.
The orc warrior hits you from afar with a +0 trident!
You feel yourself slow down.
The orc knight hits you with a +3 great sword of draining!!
The orc high priest hits you from afar with a +0 glaive!
26241 ||| READING 12 scrolls of teleportation.
As you read the scroll of teleportation, it crumbles to dust.
You feel strangely unstable.
The orc priest no longer looks unusually strong.
You block the warg's attack.
The orc warrior hits you but does no damage. x2
The orc warrior hits you from afar with a +0 glaive!!
You die...

###### ##..#..#
## .\......#.###
............##
.\.....#.....##
......))).....#
o .....oo@h....#
......)oT.....#
.....oooO.#..#..
......o..o# ## #
........... #
.$#o#.....o.
..##.
...#.#$#.....
.....
.#.......#.).
..... .P.


You could see an orc knight (strong), an orc high priest (strong), a troll, a
warg, an orc sorcerer (strong), 3 orc warriors, an ogre, 2 orc priests and 2
orcs.

Vanquished Creatures
  Gastronok (Lair:1)
  A stone giant (D:15)
  Snorg (Lair:5)
  A fire dragon (D:15)
  A yaktaur captain (D:15)
  An ogre mage (D:13)
  8 hydras
  2 boulder beetles (D:12)
  Erica (D:8)
  A catoblepas (Lair:5)
  7 centaur warriors
  2 tengu warriors (D:15)
  3 death yaks (Lair:5)
  7 two-headed ogres
  A deep troll earth mage (D:15)
  A deep troll shaman (Lair:5)
  Sonja (D:13)
  3 skeletal warriors (D:12)
  A lindwurm (Lair:5)
  Pikel (D:6)
  A wolf spider (D:15)
  An orc sorcerer (Orc:1)
  2 orc knights
  13 ugly things
  A deep elf pyromancer (D:12)
  A cyclops (D:11)
  2 black mambas (Lair:3)
  22 elephants
  Maurice (D:9)
  2 unseen horrors
  A gargoyle (D:13)
  9 cane toads
  2 torpor snails (Lair:5)
  11 komodo dragons
  3 rime drakes (Lair:2)
  6 polar bears
  3 meliai (D:15)
  Grinder (D:5)
  7 trolls
  4 dream sheep (Lair:5)
  17 blink frogs
  9 slime creatures
  A spriggan (Lair:2)
  A shadow (D:10)
  5 wyverns
  14 humans (D:13)
  A vampire (D:13)
  A wraith (D:10)
  2 steam dragons
  59 yaks
  2 basilisks (Lair:5)
  3 wargs
  Menkaure (D:7)
  An acid dragon (D:11)
  4 nagas (Lair:3)
  8 water moccasins
  9 orc warriors
  A sky beast (D:7)
  4 ogres
  3 black bears
  An ice beast (D:5)
  15 wolves
  4 boggarts (D:14)
  9 centaurs
  A lemure (D:6)
  8 kobold brigands
  Blork the orc (D:4)
  10 bullfrogs
  A necrophage (D:5)
  A gnoll sergeant (D:5)
  A scorpion (D:7)
  5 howler monkeys
  A jelly (D:8)
  2 hounds
  2 gnoll boudas
  5 orc priests
  2 iguanas
  18 orc wizards
  5 gnolls (D:10)
  12 adders
  3 river rats
  2 shadow imps
  2 white imps (D:5)
  An ufetubus (D:7)
  A worm (D:3)
  2 dart slugs
  57 orcs
  15 ball pythons
  5 endoplasms
  2 giant cockroaches
  4 goblins
  6 hobgoblins
  6 jackals
  5 quokkas
  5 bats
  7 frilled lizards
  42 kobolds
  10 rats
563 creatures vanquished.

Vanquished Creatures (others)
  2 humans (D:13)
  An orc wizard (D:7)
  A bush (Lair:5)
  46 fungi
  77 plants
127 creatures vanquished.

Grand Total: 690 creatures vanquished

Notes
Turn   | Place    | Note
-------+----------+-------------------------------------------
     0 | D:1      | qw the Gargoyle Fighter began the quest for the Orb.
     0 | D:1      | Reached XP level 1. HP: 14/14 MP: 1/1
     0 | D:1      | 0 ||| qw: Version: 0.1-a-113-g051387a
     0 | D:1      | 0 ||| qw: Game counter: 7228
     0 | D:1      | 0 ||| qw: Always use a shield: true
     0 | D:1      | 0 ||| qw: God list: Okawaru
     0 | D:1      | 0 ||| qw: Allow faded altars: false
     0 | D:1      | 0 ||| qw: Do Orc after D:15 true
     0 | D:1      | 0 ||| qw: Do second Lair branch before Depths: true
     0 | D:1      | 0 ||| qw: Lair rune preference: random
     0 | D:1      | 0 ||| qw: Plans: Normal, Zot, God:TSO, Crypt, Tomb, Zig,
                  | Orb
     0 | D:1      | 0 ||| PLANNING D:1-11
     0 | D:1      | Found an opulent altar of Gozag.
   103 | D:1      | Reached skill level 2 in Axes
   155 | D:1      | 155 ||| Stepping ~*~*~tactically~*~*~ (stealth).
   183 | D:1      | 183 ||| Stepping ~*~*~tactically~*~*~ (stealth).
   235 | D:1      | 235 ||| Stepping ~*~*~tactically~*~*~ (stealth).
   242 | D:1      | Reached XP level 2. HP: 19/19 MP: 2/2
   362 | D:1      | Found a faded altar of an unknown god.
   686 | D:1      | Reached skill level 3 in Axes
   695 | D:1      | Reached XP level 3. HP: 23/23 MP: 3/3
   879 | D:1      | 879 ||| Stepping ~*~*~tactically~*~*~ (stealth).
   885 | D:1      | 885 ||| Stepping ~*~*~tactically~*~*~ (stealth).
  1201 | D:1      | 1201 ||| READING scroll labelled YSIYNI JYRA.
  1202 | D:1      | 1202 ||| READING scroll labelled RUSOQO ECUNENI.
  1203 | D:1      | 1203 ||| READING scroll labelled WEARUGUOTZ.
  1206 | D:1      | 1206 ||| READING scroll labelled XAKIEPN PERISO.
  1264 | D:2      | 1264 ||| Stepping ~*~*~tactically~*~*~ (stealth).
  1266 | D:2      | 1266 ||| Stepping ~*~*~tactically~*~*~ (stealth).
  1328 | D:2      | 1328 ||| FLEEEEING.
  1329 | D:2      | 1329 ||| FLEEEEING.
  1330 | D:2      | 1330 ||| FLEEEEING.
  1331 | D:2      | 1331 ||| FLEEEEING.
  1332 | D:2      | 1332 ||| STAIRDANCE
  1368 | D:2      | 1368 ||| STAIRDANCE
  1649 | D:2      | 1649 ||| Stepping ~*~*~tactically~*~*~ (stealth).
  1902 | D:2      | Reached XP level 4. HP: 28/28 MP: 4/4
  2338 | D:2      | 2338 ||| READING scroll labelled GAEPRINK QIOTZ.
  2339 | D:2      | 2339 ||| DRINKING 2 silvery potions.
  2399 | D:3      | 2399 ||| PLANNING SEWER
  2475 | D:3      | Reached skill level 4 in Axes
  2605 | D:3      | Found a glowing drain.
  2781 | D:3      | 2781 ||| UPGRADING to +1 ring mail of cold resistance.
  2791 | D:3      | 2791 ||| READING scroll labelled LUYSCH GUHI.
  2791 | D:3      | Identified a scroll of acquirement
  2791 | D:3      | 2791 ||| ACQUIRING +2 broad axe of venom
  2791 | D:3      | Acquired a +2 broad axe of venom
  2793 | D:3      | 2793 ||| SWAPPING to +2 broad axe of venom.
  2794 | D:3      | 2794 ||| DROPPING +0 war axe.
  2795 | D:3      | 2795 ||| DRINKING 2 clear potions.
  2830 | D:3      | 2830 ||| DRINKING 2 fuming sapphire potions.
  2837 | Sewer    | Entered a sewer
  2889 | Sewer    | 2889 ||| Stepping ~*~*~tactically~*~*~ (stealth).
  2903 | Sewer    | Reached XP level 5. HP: 32/32 MP: 5/5
  3072 | Sewer    | Noticed a kobold brigand
  3073 | Sewer    | 3073 ||| Stepping ~*~*~tactically~*~*~ (stealth).
  3090 | Sewer    | Killed a kobold brigand
  3091 | Sewer    | Reached skill level 5 in Axes
  3095 | Sewer    | Reached XP level 6. HP: 28/37 MP: 6/6
  3234 | Sewer    | Reached skill level 1 in Dodging
  3725 | Sewer    | 3725 ||| READING scroll labelled JEROYH VAN.
  3726 | Sewer    | 3726 ||| DROPPING +0 whip.
  3727 | Sewer    | 3727 ||| READING scroll labelled UTIT EDIUHU.
  3728 | Sewer    | 3728 ||| DRINKING 3 white potions.
  3733 | D:3      | 3733 ||| PLANNING D:1-11
  3940 | D:3      | Found a radiant altar of Vehumet.
  3940 | D:3      | Found a glowing silver altar of Zin.
  3947 | D:3      | Found a basalt altar of Yredelemnul.
  3949 | D:3      | Found a snail-covered altar of Cheibriados.
  3951 | D:3      | Found a white marble altar of Elyvilon.
  4186 | D:3      | 4186 ||| UPGRADING to scarf of repulsion.
  4191 | D:3      | 4191 ||| READING 3 scrolls labelled ROMNIY KIGYL.
  4192 | D:3      | 4192 ||| READING 2 scrolls of enchant weapon.
  4192 | D:3      | 4192 ||| ENCHANTING +3 broad axe of flaming.
  4193 | D:3      | 4193 ||| READING scroll of enchant weapon.
  4193 | D:3      | 4193 ||| ENCHANTING +4 broad axe of flaming.
  4409 | D:4      | 4409 ||| Stepping ~*~*~tactically~*~*~ (stealth).
  4678 | D:4      | Found Sumediku's Weapon Shop.
  4889 | D:4      | Noticed Blork the orc
  4896 | D:4      | Killed Blork the orc
  4897 | D:4      | Reached skill level 6 in Axes
  5121 | D:4      | 5121 ||| READING 2 scrolls labelled TATECV IXOUTAO.
  5122 | D:4      | 5122 ||| READING scroll labelled OTWYXUIPSA.
  5123 | D:4      | 5123 ||| DRINKING 5 fizzy puce potions.
  5227 | D:4      | 5227 ||| DROPPING 4 potions of berserk rage.
  5235 | D:5      | Entered Level 5 of the Dungeon
  5526 | D:5      | Reached XP level 7. HP: 37/43 MP: 7/7
  5831 | D:5      | Noticed Grinder
  5832 | D:5      | 5832 ||| Stepping ~*~*~tactically~*~*~ (hiding).
  5843 | D:5      | Killed Grinder
  5844 | D:5      | Reached skill level 7 in Axes
  6056 | D:5      | Reached XP level 8. HP: 36/48 MP: 8/8
  6199 | D:5      | 6199 ||| DROPPING +0 scale mail.
  6200 | D:5      | 6200 ||| UPGRADING to +0 plate armour.
  6210 | D:5      | 6210 ||| DROPPING +1 ring mail of cold resistance.
  6211 | D:5      | 6211 ||| UPGRADING to ring of willpower.
  6212 | D:5      | 6212 ||| DRINKING 2 lumpy dark potions.
  6213 | D:5      | 6213 ||| READING 2 scrolls of identify.
  6213 | D:5      | 6213 ||| IDENTIFYING lumpy golden potion
  6214 | D:5      | 6214 ||| DROPPING potion of flight.
  6351 | D:6      | Found a staircase to the Ecumenical Temple.
  6352 | D:6      | 6352 ||| PLANNING TEMPLE
  6352 | D:6      | 6352 ||| DROPPING amulet of faith.
  6361 | Temple   | Entered the Ecumenical Temple
  6384 | Temple   | Became a worshipper of Warmaster Okawaru
  6397 | Temple   | 6397 ||| PLANNING D:1-11
  6452 | D:6      | Noticed a yak
  6456 | D:6      | Noticed a yak
  6459 | D:6      | Noticed a yak
  6459 | D:6      | Noticed a yak
  6461 | D:6      | Killed a yak
  6465 | D:6      | Killed a yak
  6466 | D:6      | Reached skill level 8 in Axes
  6467 | D:6      | Killed a yak
  6468 | D:6      | Killed a yak
  6468 | D:6      | Reached * piety under Okawaru
  6469 | D:6      | Reached skill level 6 in Fighting
  6910 | D:6      | Reached skill level 1 in Invocations
  6936 | D:6      | Noticed Pikel
  6937 | D:6      | 6937 ||| Stepping ~*~*~tactically~*~*~ (stealth).
  6938 | D:6      | 6938 ||| Stepping ~*~*~tactically~*~*~ (stealth).
  6942 | D:6      | 6942 ||| INVOKING Heroism.
  6949 | D:6      | Killed Pikel
  6949 | D:6      | Reached ** piety under Okawaru
  6950 | D:6      | Reached skill level 3 in Invocations
  6950 | D:6      | Reached XP level 9. HP: 56/56 MP: 6/11
  7019 | D:6      | Found a runed translucent gate.
  7021 | D:6      | Found a runed translucent gate.
  7021 | D:6      | Found a runed translucent gate.
  7022 | D:6      | Noticed qw's ghost (novice GrFi)
  7028 | D:6      | Identified the +1 plate armour "Qegila" {rElec rF- Dex+8
                  | SInv}
  7044 | D:6      | 7044 ||| INVOKING Heroism.
  7056 | D:6      | 7056 ||| Stepping ~*~*~tactically~*~*~ (cloud).
  7060 | D:6      | 7060 ||| Stepping ~*~*~tactically~*~*~ (hiding).
  7061 | D:6      | 7061 ||| Stepping ~*~*~tactically~*~*~ (hiding).
  7236 | D:6      | 7236 ||| READING 2 scrolls of identify.
  7236 | D:6      | 7236 ||| IDENTIFYING fizzy grey potion
  7237 | D:6      | 7237 ||| DROPPING potion of degeneration.
  7258 | D:7      | Noticed Menkaure
  7259 | D:7      | 7259 ||| Stepping ~*~*~tactically~*~*~ (stealth).
  7260 | D:7      | 7260 ||| Stepping ~*~*~tactically~*~*~ (stealth).
  7262 | D:7      | 7262 ||| INVOKING Heroism.
  7264 | D:7      | Killed Menkaure
  7265 | D:7      | Reached skill level 9 in Axes
  7292 | D:7      | 7292 ||| INVOKING Heroism.
  7294 | D:7      | 7294 ||| Stepping ~*~*~tactically~*~*~ (hiding).
  7295 | D:7      | 7295 ||| Stepping ~*~*~tactically~*~*~ (hiding).
  7296 | D:7      | 7296 ||| Stepping ~*~*~tactically~*~*~ (hiding).
  7297 | D:7      | 7297 ||| Stepping ~*~*~tactically~*~*~ (hiding).
  7345 | D:7      | 7345 ||| Stepping ~*~*~tactically~*~*~ (stealth).
  7472 | D:7      | 7472 ||| INVOKING Heroism.
  7507 | D:7      | Found Festog's Assorted Antiques.
  7516 | D:7      | 7516 ||| BUYING grey potion (24 gold).
  7516 | D:7      | Bought a grey potion for 24 gold pieces
  7516 | D:7      | 7516 ||| SHOPLISTING ring of ice (675 gold, have 351).
  7516 | D:7      | 7516 ||| BUYING scroll labelled ZIFA GAOSEQ (27 gold).
  7516 | D:7      | Bought a scroll labelled ZIFA GAOSEQ for 27 gold pieces
  7516 | D:7      | 7516 ||| BUYING scroll of identify (54 gold).
  7516 | D:7      | Bought a scroll of identify for 54 gold pieces
  7516 | D:7      | 7516 ||| BUYING scroll of teleportation (81 gold).
  7516 | D:7      | Bought a scroll of teleportation for 81 gold pieces
  7605 | D:7      | 7605 ||| Stepping ~*~*~tactically~*~*~ (cloud).
  7608 | D:7      | 7608 ||| INVOKING Heroism.
  7620 | D:7      | 7620 ||| Stepping ~*~*~tactically~*~*~ (stealth).
  7622 | D:7      | 7622 ||| Stepping ~*~*~tactically~*~*~ (stealth).
  7774 | D:7      | Found Pyok's Magic Scroll Shop.
  7776 | D:7      | Found Mushuhie's Magic Scroll Emporium.
  7778 | D:7      | Found Oqytyptee's Weapon Shop.
  7782 | D:7      | 7782 ||| BUYING scroll of brand weapon (133 gold).
  7782 | D:7      | Bought a scroll of brand weapon for 133 gold pieces
  7782 | D:7      | 7782 ||| SHOPLISTING scroll of enchant armour (105 gold,
                  | have 56).
  7782 | D:7      | 7782 ||| BUYING scroll of identify (28 gold).
  7782 | D:7      | Bought a scroll of identify for 28 gold pieces
  7782 | D:7      | 7782 ||| BUYING scroll of identify (28 gold).
  7782 | D:7      | Bought a scroll of identify for 28 gold pieces
  7782 | D:7      | 7782 ||| SHOPLISTING scroll of teleportation (42 gold, have
                  | 0).
  7782 | D:7      | 7782 ||| READING scroll of brand weapon.
  7782 | D:7      | 7782 ||| BRANDING +5 broad axe of flaming.
  7787 | D:7      | 7787 ||| SHOPLISTING +0 flail (42 gold, have 0).
  7792 | D:7      | 7792 ||| SHOPLISTING scroll of identify (22 gold, have 0).
  7792 | D:7      | 7792 ||| SHOPLISTING scroll of teleportation (33 gold, have
                  | 0).
  7813 | D:7      | 7813 ||| DROPPING +0 whip of electrocution.
  7882 | D:7      | 7882 ||| SWAPPING to +0 vampiric war axe.
  7930 | D:7      | 7930 ||| READING scroll labelled XOULUHAULI.
  7931 | D:7      | 7931 ||| READING scroll labelled ZIFA GAOSEQ.
  7932 | D:7      | 7932 ||| DRINKING 2 amethyst potions.
  7932 | D:7      | Gained mutation: You are frail. (-10% HP) [potion of
                  | mutation]
  7932 | D:7      | Gained mutation: Your spells are a little harder to cast,
                  | but a little more powerful. [potion of mutation]
  7932 | D:7      | Gained mutation: Your mind is acute. (Int +4, Str/Dex -1)
                  | [potion of mutation]
  7933 | D:7      | 7933 ||| DRINKING potion of mutation.
  7933 | D:7      | Lost mutation: Your mind is acute. (Int +4, Str/Dex -1)
                  | [potion of mutation]
  7933 | D:7      | Lost mutation: You are frail. (-10% HP) [potion of
                  | mutation]
  7933 | D:7      | Lost mutation: Your spells are a little harder to cast, but
                  | a little more powerful. [potion of mutation]
  7933 | D:7      | Gained mutation: You sometimes lose your temper in combat.
                  | [potion of mutation]
  7933 | D:7      | Gained mutation: You have an uncontrollable temper. [potion
                  | of mutation]
  7933 | D:7      | Gained mutation: Your magical capacity is low. (-10% MP)
                  | [potion of mutation]
  7961 | D:7      | 7961 ||| READING 5 scrolls of identify.
  7961 | D:7      | 7961 ||| IDENTIFYING metallic white potion
  7962 | D:7      | 7962 ||| READING 4 scrolls of identify.
  7962 | D:7      | 7962 ||| IDENTIFYING grey potion
  7963 | D:7      | 7963 ||| DROPPING potion of brilliance.
  7964 | D:7      | 7964 ||| DROPPING potion of invisibility.
  7990 | D:8      | 7990 ||| INVOKING Heroism.
  8020 | D:8      | Found a staircase to the Lair.
  8040 | D:8      | 8040 ||| INVOKING Heroism.
  8049 | D:8      | Reached *** piety under Okawaru
  8050 | D:8      | Reached skill level 10 in Axes
  8050 | D:8      | Reached XP level 10. HP: 63/63 MP: 8/11
  8199 | D:8      | 8199 ||| INVOKING Heroism.
  8404 | D:8      | Noticed Erica
  8405 | D:8      | 8405 ||| INVOKING Heroism.
  8416 | D:8      | Killed Erica
  8449 | D:8      | 8449 ||| FLEEEEING.
  8450 | D:8      | 8450 ||| FLEEEEING.
  8452 | D:8      | 8452 ||| FLEEEEING.
  8453 | D:8      | 8453 ||| FLEEEEING.
  8461 | D:8      | 8461 ||| STAIRDANCE
  8500 | D:7      | 8500 ||| Stepping ~*~*~tactically~*~*~ (stealth).
  8501 | D:7      | 8501 ||| UPGRADING to +4 ring of protection.
  8502 | D:7      | 8502 ||| READING scroll labelled GACIEQ GEY.
  8561 | D:8      | 8561 ||| Stepping ~*~*~tactically~*~*~ (stealth).
  8563 | D:8      | 8563 ||| Stepping ~*~*~tactically~*~*~ (stealth).
  8564 | D:8      | 8564 ||| INVOKING Heroism.
  8846 | D:8      | 8846 ||| PLANNING LAIR
  8879 | Lair:1   | Entered Level 1 of the Lair of Beasts
  8879 | Lair:1   | Noticed a cane toad
  8880 | Lair:1   | 8880 ||| INVOKING Heroism.
  8894 | Lair:1   | Killed a cane toad
  9027 | Lair:1   | 9027 ||| Stepping ~*~*~tactically~*~*~ (stealth).
  9029 | Lair:1   | 9029 ||| Stepping ~*~*~tactically~*~*~ (stealth).
  9034 | Lair:1   | 9034 ||| Stepping ~*~*~tactically~*~*~ (stealth).
  9038 | Lair:1   | 9038 ||| INVOKING Heroism.
  9049 | Lair:1   | Reached **** piety under Okawaru
  9302 | Lair:1   | Noticed Gastronok
  9303 | Lair:1   | 9303 ||| INVOKING Heroism.
  9305 | Lair:1   | 9305 ||| Stepping ~*~*~tactically~*~*~ (hiding).
  9324 | Lair:1   | 9324 ||| INVOKING Heroism.
  9330 | Lair:1   | HP: 10/64 [Gastronok/the air (35)]
  9331 | Lair:1   | 9331 ||| READING 10 scrolls of teleportation.
  9332 | Lair:1   | 9332 ||| DRINKING 2 potions of heal wounds.
  9339 | Lair:1   | Killed Gastronok
  9340 | Lair:1   | Reached skill level 11 in Axes
  9342 | Lair:1   | Reached XP level 11. HP: 30/69 MP: 11/13
  9356 | Lair:1   | Reached ***** piety under Okawaru
  9358 | Lair:1   | 9358 ||| INVOKING Heroism.
  9364 | Lair:1   | HP: 13/69 [komodo dragon (22)]
  9365 | Lair:1   | 9365 ||| READING 9 scrolls of teleportation.
  9366 | Lair:1   | 9366 ||| DRINKING potion of heal wounds.
  9517 | Lair:1   | Reached skill level 9 in Fighting
  9631 | Lair:1   | 9631 ||| Stepping ~*~*~tactically~*~*~ (stealth).
  9632 | Lair:1   | 9632 ||| INVOKING Heroism.
  9649 | Lair:1   | Reached skill level 6 in Invocations
  9772 | Lair:1   | 9772 ||| INVOKING Heroism.
  9849 | Lair:1   | 9849 ||| Stepping ~*~*~tactically~*~*~ (stealth).
  9850 | Lair:1   | 9850 ||| Stepping ~*~*~tactically~*~*~ (stealth).
  9851 | Lair:1   | 9851 ||| Stepping ~*~*~tactically~*~*~ (stealth).
  9854 | Lair:1   | 9854 ||| INVOKING Heroism.
  9894 | Lair:1   | 9894 ||| INVOKING Heroism.
 10302 | Lair:1   | 10302 ||| UPGRADING to +0 hat of willpower.
 10443 | Lair:2   | 10443 ||| INVOKING Heroism.
 10463 | Lair:2   | Received a gift from Okawaru
 10586 | Lair:2   | 10586 ||| INVOKING Heroism.
 10630 | Lair:2   | 10630 ||| INVOKING Heroism.
 10643 | Lair:2   | Reached skill level 12 in Axes
 10646 | Lair:2   | Reached skill level 6 in Shields
 10901 | Lair:2   | 10901 ||| INVOKING Heroism.
 11190 | Lair:2   | Reached skill level 9 in Invocations
 11190 | Lair:2   | Reached XP level 12. HP: 76/76 MP: 16/16
 11394 | Lair:2   | 11394 ||| INVOKING Heroism.
 11535 | Lair:2   | 11535 ||| INVOKING Heroism.
 11698 | Lair:2   | 11698 ||| INVOKING Heroism.
 11810 | Lair:2   | 11810 ||| READING scroll of enchant armour.
 11810 | Lair:2   | 11810 ||| ENCHANTING +0 hat of willpower.
 12072 | Lair:3   | 12072 ||| INVOKING Heroism.
 12074 | Lair:3   | 12074 ||| STAIRDANCE
 12129 | Lair:3   | 12129 ||| STAIRDANCE
 12306 | Lair:3   | 12306 ||| INVOKING Heroism.
 12339 | Lair:3   | Identified the +6 battleaxe of Cruel Justice {speed, Int+2}
                  | (Okawaru gifted it to you on level 3 of the Lair of Beasts)
 12339 | Lair:3   | Received a gift from Okawaru
 12502 | Lair:3   | Found a staircase to the Snake Pit.
 12522 | Lair:3   | 12522 ||| INVOKING Heroism.
 12546 | Lair:3   | 12546 ||| INVOKING Heroism.
 12985 | Lair:3   | Found a staircase to the Shoals.
 13387 | Lair:3   | 13387 ||| Stepping ~*~*~tactically~*~*~ (hiding).
 13389 | Lair:3   | 13389 ||| Stepping ~*~*~tactically~*~*~ (hiding).
 13401 | Lair:3   | Reached skill level 13 in Axes
 13491 | Lair:4   | Found a glowing golden altar of the Shining One.
 13541 | Lair:4   | 13541 ||| Stepping ~*~*~tactically~*~*~ (stealth).
 13542 | Lair:4   | 13542 ||| Stepping ~*~*~tactically~*~*~ (stealth).
 13545 | Lair:4   | 13545 ||| Stepping ~*~*~tactically~*~*~ (stealth).
 13546 | Lair:4   | 13546 ||| Stepping ~*~*~tactically~*~*~ (stealth).
 13548 | Lair:4   | 13548 ||| INVOKING Heroism.
 13706 | Lair:4   | Noticed a six-headed hydra
 13708 | Lair:4   | 13708 ||| INVOKING Heroism.
 13709 | Lair:4   | 13709 ||| INVOKING Finesse.
 13710 | Lair:4   | 13710 ||| SWAPPING to +0 flail.
 13723 | Lair:4   | Killed a six-headed hydra
 13723 | Lair:4   | Identified the +1 pair of gloves of Absolutism {rElec rN+
                  | Str-5 Int+2} (Okawaru gifted it to you on level 4 of the
                  | Lair of Beasts)
 13723 | Lair:4   | Received a gift from Okawaru
 13753 | Lair:4   | 13753 ||| SWAPPING to +0 vampiric war axe.
 13981 | Lair:4   | 13981 ||| Stepping ~*~*~tactically~*~*~ (stealth).
 13983 | Lair:4   | 13983 ||| INVOKING Heroism.
 14014 | Lair:4   | Reached XP level 13. HP: 70/82 MP: 18/18
 14216 | Lair:4   | Reached skill level 14 in Axes
 14227 | Lair:4   | 14227 ||| INVOKING Heroism.
 14435 | Lair:4   | 14435 ||| Stepping ~*~*~tactically~*~*~ (stealth).
 14437 | Lair:4   | 14437 ||| INVOKING Heroism.
 14438 | Lair:4   | 14438 ||| Stepping ~*~*~tactically~*~*~ (stealth).
 14442 | Lair:4   | 14442 ||| INVOKING Finesse.
 14445 | Lair:4   | 14445 ||| SWAPPING to +0 flail.
 14446 | Lair:4   | 14446 ||| Stepping ~*~*~tactically~*~*~ (outnumbered).
 14447 | Lair:4   | 14447 ||| Stepping ~*~*~tactically~*~*~ (outnumbered).
 14448 | Lair:4   | 14448 ||| Stepping ~*~*~tactically~*~*~ (outnumbered).
 14449 | Lair:4   | 14449 ||| Stepping ~*~*~tactically~*~*~ (outnumbered).
 14450 | Lair:4   | 14450 ||| Stepping ~*~*~tactically~*~*~ (outnumbered).
 14451 | Lair:4   | 14451 ||| Stepping ~*~*~tactically~*~*~ (outnumbered).
 14452 | Lair:4   | 14452 ||| Stepping ~*~*~tactically~*~*~ (outnumbered).
 14453 | Lair:4   | 14453 ||| Stepping ~*~*~tactically~*~*~ (outnumbered).
 14454 | Lair:4   | 14454 ||| Stepping ~*~*~tactically~*~*~ (outnumbered).
 14455 | Lair:4   | 14455 ||| Stepping ~*~*~tactically~*~*~ (outnumbered).
 14456 | Lair:4   | 14456 ||| SWAPPING to +0 vampiric war axe.
 14459 | Lair:4   | 14459 ||| SWAPPING to +0 flail.
 14460 | Lair:4   | 14460 ||| Stepping ~*~*~tactically~*~*~ (outnumbered).
 14464 | Lair:4   | 14464 ||| Stepping ~*~*~tactically~*~*~ (outnumbered).
 14465 | Lair:4   | 14465 ||| Stepping ~*~*~tactically~*~*~ (outnumbered).
 14466 | Lair:4   | 14466 ||| SWAPPING to +0 vampiric war axe.
 14468 | Lair:4   | 14468 ||| SWAPPING to +0 flail.
 14503 | Lair:4   | 14503 ||| SWAPPING to +0 vampiric war axe.
 14764 | Lair:4   | 14764 ||| DROPPING +1 war axe of freezing.
 14782 | Lair:4   | 14782 ||| INVOKING Heroism.
 14783 | Lair:4   | 14783 ||| SWAPPING to +0 flail.
 14784 | Lair:4   | 14784 ||| Stepping ~*~*~tactically~*~*~ (stealth).
 14785 | Lair:4   | 14785 ||| INVOKING Finesse.
 14788 | Lair:4   | 14788 ||| Stepping ~*~*~tactically~*~*~ (stealth).
 14789 | Lair:4   | 14789 ||| Stepping ~*~*~tactically~*~*~ (stealth).
 14823 | Lair:4   | 14823 ||| SWAPPING to +0 vampiric war axe.
 14900 | Lair:4   | 14900 ||| FLEEEEING.
 14901 | Lair:4   | 14901 ||| FLEEEEING.
 14902 | Lair:4   | 14902 ||| FLEEEEING.
 14903 | Lair:4   | 14903 ||| FLEEEEING.
 14904 | Lair:4   | 14904 ||| FLEEEEING.
 14905 | Lair:4   | 14905 ||| FLEEEEING.
 14906 | Lair:4   | 14906 ||| FLEEEEING.
 14907 | Lair:4   | 14907 ||| FLEEEEING.
 14908 | Lair:4   | 14908 ||| FLEEEEING.
 14909 | Lair:4   | 14909 ||| FLEEEEING.
 14910 | Lair:4   | 14910 ||| FLEEEEING.
 14911 | Lair:4   | 14911 ||| FLEEEEING.
 14912 | Lair:4   | 14912 ||| FLEEEEING.
 14913 | Lair:4   | 14913 ||| FLEEEEING.
 14914 | Lair:4   | 14914 ||| FLEEEEING.
 14915 | Lair:4   | 14915 ||| FLEEEEING.
 14916 | Lair:4   | 14916 ||| FLEEEEING.
 14917 | Lair:4   | 14917 ||| FLEEEEING.
 14918 | Lair:4   | 14918 ||| FLEEEEING.
 14919 | Lair:4   | 14919 ||| FLEEEEING.
 14920 | Lair:4   | 14920 ||| STAIRDANCE
 14956 | Lair:3   | 14956 ||| UPGRADING to +1 pair of gloves of Absolutism
                  | {rElec rN+ Str-5 Int+2}.
 14961 | Lair:3   | 14961 ||| UPGRADING to +0 pair of boots.
 14966 | Lair:3   | 14966 ||| READING scroll labelled EKETEI WAOMAP.
 14969 | Lair:4   | 14969 ||| INVOKING Heroism.
 15024 | Lair:4   | Found a viscous altar of Jiyva.
 15024 | Lair:4   | Found a staircase to the Slime Pits.
 15259 | Lair:4   | 15259 ||| INVOKING Heroism.
 15260 | Lair:4   | 15260 ||| INVOKING Finesse.
 15262 | Lair:4   | 15262 ||| SWAPPING to +0 flail.
 15300 | Lair:4   | 15300 ||| SWAPPING to +0 vampiric war axe.
 15425 | Lair:5   | Entered Level 5 of the Lair of Beasts
 15427 | Lair:5   | 15427 ||| STAIRDANCE
 15433 | Lair:4   | 15433 ||| INVOKING Heroism.
 15581 | Lair:5   | 15581 ||| STAIRDANCE
 15594 | Lair:4   | Reached skill level 9 in Armour
 15655 | Lair:5   | 15655 ||| INVOKING Heroism.
 15824 | Lair:5   | 15824 ||| FLEEEEING.
 15826 | Lair:5   | 15826 ||| INVOKING Heroism.
 15932 | Lair:5   | 15932 ||| Stepping ~*~*~tactically~*~*~ (stealth).
 15965 | Lair:5   | 15965 ||| INVOKING Heroism.
 16025 | Lair:5   | 16025 ||| INVOKING Heroism.
 16202 | Lair:5   | Noticed Snorg
 16203 | Lair:5   | 16203 ||| INVOKING Heroism.
 16222 | Lair:5   | Killed Snorg
 16260 | Lair:5   | 16260 ||| Stepping ~*~*~tactically~*~*~ (stealth).
 16280 | Lair:5   | 16280 ||| Stepping ~*~*~tactically~*~*~ (stealth).
 16423 | Lair:5   | 16423 ||| INVOKING Heroism.
 16491 | Lair:5   | 16491 ||| Stepping ~*~*~tactically~*~*~ (stealth).
 16497 | Lair:5   | 16497 ||| INVOKING Heroism.
 16512 | Lair:5   | 16512 ||| Stepping ~*~*~tactically~*~*~ (stealth).
 16617 | Lair:5   | 16617 ||| INVOKING Heroism.
 16669 | Lair:5   | 16669 ||| FLEEEEING.
 16674 | Lair:5   | 16674 ||| Stepping ~*~*~tactically~*~*~ (stealth).
 16676 | Lair:5   | 16676 ||| Stepping ~*~*~tactically~*~*~ (stealth).
 16679 | Lair:5   | 16679 ||| INVOKING Heroism.
 16721 | Lair:5   | 16721 ||| INVOKING Heroism.
 16881 | Lair:5   | 16881 ||| Stepping ~*~*~tactically~*~*~ (hiding).
 16882 | Lair:5   | 16882 ||| INVOKING Heroism.
 16883 | Lair:5   | 16883 ||| INVOKING Finesse.
 16884 | Lair:5   | 16884 ||| Stepping ~*~*~tactically~*~*~ (stealth).
 16885 | Lair:5   | 16885 ||| Stepping ~*~*~tactically~*~*~ (stealth).
 16910 | Lair:5   | 16910 ||| INVOKING Finesse.
 16925 | Lair:5   | Reached skill level 15 in Axes
 16971 | Lair:5   | 16971 ||| INVOKING Heroism.
 16972 | Lair:5   | 16972 ||| INVOKING Finesse.
 16974 | Lair:5   | 16974 ||| Stepping ~*~*~tactically~*~*~ (stealth).
 16975 | Lair:5   | 16975 ||| Stepping ~*~*~tactically~*~*~ (stealth).
 16995 | Lair:5   | 16995 ||| Stepping ~*~*~tactically~*~*~ (hiding).
 17013 | Lair:5   | 17013 ||| INVOKING Heroism.
 17013 | Lair:5   | HP: 18/84 [lindwurm/blast of flame (9)]
 17014 | Lair:5   | 17014 ||| READING 9 scrolls of teleportation.
 17015 | Lair:5   | 17015 ||| DRINKING 2 potions of heal wounds.
 17097 | Lair:5   | 17097 ||| INVOKING Heroism.
 17383 | Lair:5   | 17383 ||| INVOKING Heroism.
 17384 | Lair:5   | 17384 ||| INVOKING Finesse.
 17386 | Lair:5   | 17386 ||| SWAPPING to +0 flail.
 17400 | Lair:5   | 17400 ||| SWAPPING to +0 vampiric war axe.
 17555 | Lair:5   | 17555 ||| Stepping ~*~*~tactically~*~*~ (stealth).
 17557 | Lair:5   | 17557 ||| Stepping ~*~*~tactically~*~*~ (stealth).
 17571 | Lair:5   | 17571 ||| Stepping ~*~*~tactically~*~*~ (stealth).
 17585 | Lair:5   | 17585 ||| INVOKING Heroism.
 17602 | Lair:5   | 17602 ||| INVOKING Heroism.
 17606 | Lair:5   | Gained mutation: Your large and strong wings let you fly.
                  | [Gargoyle growth]
 17606 | Lair:5   | Reached XP level 14. HP: 90/90 MP: 16/19
 17743 | Lair:5   | 17743 ||| INVOKING Heroism.
 17885 | Lair:5   | 17885 ||| Stepping ~*~*~tactically~*~*~ (stealth).
 17886 | Lair:5   | 17886 ||| Stepping ~*~*~tactically~*~*~ (stealth).
 17895 | Lair:5   | Reached skill level 12 in Fighting
 18087 | Lair:5   | 18087 ||| DROPPING +0 flail.
 18311 | Lair:5   | 18311 ||| Stepping ~*~*~tactically~*~*~ (stealth).
 18389 | Lair:5   | 18389 ||| Stepping ~*~*~tactically~*~*~ (stealth).
 18421 | Lair:5   | 18421 ||| Stepping ~*~*~tactically~*~*~ (stealth).
 18490 | Lair:5   | 18490 ||| Stepping ~*~*~tactically~*~*~ (hiding).
 18491 | Lair:5   | 18491 ||| Stepping ~*~*~tactically~*~*~ (hiding).
 18640 | Lair:5   | 18640 ||| DRINKING potion of mutation.
 18640 | Lair:5   | Lost mutation: You have an uncontrollable temper. [potion
                  | of mutation]
 18640 | Lair:5   | Lost mutation: You sometimes lose your temper in combat.
                  | [potion of mutation]
 18640 | Lair:5   | Lost mutation: Your magical capacity is low. (-10% MP)
                  | [potion of mutation]
 18640 | Lair:5   | Gained mutation: You are partially covered in iridescent
                  | scales. (AC +2) [potion of mutation]
 18640 | Lair:5   | Gained mutation: Armour fits poorly on your strangely
                  | shaped body. [potion of mutation]
 18640 | Lair:5   | Gained mutation: You have supernaturally acute eyesight.
                  | (SInv) [potion of mutation]
 18657 | Lair:5   | Identified the ring of the Hurting Priest {Fire rN+ Int-5
                  | Dex+4}
 18785 | Lair:5   | 18785 ||| PLANNING D:1-11
 18785 | Lair:5   | 18785 ||| DROPPING ring of fire.
 18969 | D:9      | 18969 ||| INVOKING Heroism.
 19329 | D:9      | Noticed Maurice
 19330 | D:9      | 19330 ||| Stepping ~*~*~tactically~*~*~ (hiding).
 19371 | D:9      | Killed Maurice
 19407 | D:9      | Found a shimmering altar of Xom.
 19427 | D:9      | 19427 ||| INVOKING Heroism.
 19504 | D:9      | 19504 ||| Stepping ~*~*~tactically~*~*~ (stealth).
 19513 | D:9      | 19513 ||| Stepping ~*~*~tactically~*~*~ (stealth).
 19517 | D:9      | 19517 ||| Stepping ~*~*~tactically~*~*~ (stealth).
 19890 | D:9      | 19890 ||| DROPPING +0 cloak.
 19891 | D:9      | 19891 ||| READING 6 scrolls of identify.
 19891 | D:9      | 19891 ||| IDENTIFYING viscous sapphire potion
 19892 | D:9      | 19892 ||| DROPPING potion of ambrosia.
 19905 | D:10     | Entered Level 10 of the Dungeon
 20070 | D:10     | 20070 ||| Stepping ~*~*~tactically~*~*~ (hiding).
 20172 | D:10     | 20172 ||| INVOKING Heroism.
 20308 | D:10     | 20308 ||| Stepping ~*~*~tactically~*~*~ (stealth).
 20310 | D:10     | 20310 ||| INVOKING Heroism.
 20468 | D:10     | 20468 ||| INVOKING Heroism.
 20521 | D:10     | 20521 ||| INVOKING Heroism.
 20624 | D:10     | 20624 ||| UPGRADING to +0 kite shield.
 20634 | D:10     | 20634 ||| DROPPING +0 buckler.
 20635 | D:10     | 20635 ||| READING scroll labelled BUKHEUN NAONGI.
 20636 | D:10     | 20636 ||| READING 5 scrolls of identify.
 20636 | D:10     | 20636 ||| IDENTIFYING sapphire potion
 20836 | D:11     | 20836 ||| FLEEEEING.
 20837 | D:11     | 20837 ||| FLEEEEING.
 20838 | D:11     | 20838 ||| FLEEEEING.
 20856 | D:11     | 20856 ||| INVOKING Heroism.
 21278 | D:11     | 21278 ||| READING scroll of enchant armour.
 21278 | D:11     | 21278 ||| ENCHANTING +1 hat of willpower.
 21526 | D:11     | 21526 ||| PLANNING D
 21526 | D:11     | 21526 ||| UPGRADING to +2 pair of boots.
 21536 | D:11     | 21536 ||| DROPPING +0 helmet.
 21537 | D:11     | 21537 ||| DROPPING +0 pair of boots.
 21543 | D:12     | 21543 ||| INVOKING Heroism.
 21544 | D:12     | 21544 ||| STAIRDANCE
 21595 | D:12     | 21595 ||| STAIRDANCE
 21597 | D:11     | 21597 ||| INVOKING Heroism.
 21612 | D:11     | HP: 19/92 [very large slime creature (27)]
 21613 | D:11     | 21613 ||| READING 12 scrolls of teleportation.
 21614 | D:11     | 21614 ||| DRINKING potion of heal wounds.
 21794 | D:11     | 21794 ||| Stepping ~*~*~tactically~*~*~ (stealth).
 21804 | D:11     | 21804 ||| INVOKING Heroism.
 21885 | D:12     | 21885 ||| STAIRDANCE
 22077 | D:12     | 22077 ||| INVOKING Heroism.
 22085 | D:12     | 22085 ||| Stepping ~*~*~tactically~*~*~ (stealth).
 22086 | D:12     | 22086 ||| Stepping ~*~*~tactically~*~*~ (stealth).
 22108 | D:12     | 22108 ||| Stepping ~*~*~tactically~*~*~ (hiding).
 22116 | D:12     | 22116 ||| Stepping ~*~*~tactically~*~*~ (hiding).
 22124 | D:12     | Reached skill level 9 in Shields
 22125 | D:12     | Found a staircase to the Orcish Mines.
 22127 | D:12     | 22127 ||| INVOKING Heroism.
 22160 | D:12     | 22160 ||| Stepping ~*~*~tactically~*~*~ (stealth).
 22161 | D:12     | 22161 ||| Stepping ~*~*~tactically~*~*~ (stealth).
 22170 | D:12     | 22170 ||| Stepping ~*~*~tactically~*~*~ (stealth).
 22171 | D:12     | 22171 ||| Stepping ~*~*~tactically~*~*~ (stealth).
 22258 | D:12     | 22258 ||| INVOKING Heroism.
 22259 | D:12     | 22259 ||| INVOKING Finesse.
 22463 | D:12     | 22463 ||| INVOKING Heroism.
 22629 | D:12     | 22629 ||| INVOKING Heroism.
 22630 | D:12     | 22630 ||| INVOKING Finesse.
 22948 | D:12     | 22948 ||| INVOKING Heroism.
 22999 | D:12     | 22999 ||| INVOKING Heroism.
 23028 | D:12     | 23028 ||| INVOKING Heroism.
 23046 | D:12     | Identified the +4 helmet of Ezumei Soizu {*Slow rElec rF+
                  | Regen+} (Okawaru gifted it to you on level 12 of the
                  | Dungeon)
 23046 | D:12     | Received a gift from Okawaru
 23413 | D:12     | Found Notianle's Armour Boutique.
 23422 | D:12     | 23422 ||| BUYING +2 kite shield of reflection (259 gold).
 23422 | D:12     | Bought a +2 kite shield of reflection for 259 gold pieces
 23422 | D:12     | 23422 ||| BUYING +4 scale mail of fire resistance (434
                  | gold).
 23422 | D:12     | Bought a +4 scale mail of fire resistance for 434 gold
                  | pieces
 23422 | D:12     | 23422 ||| UPGRADING to +4 helmet of Ezumei Soizu {*Slow
                  | rElec rF+ Regen+}.
 23432 | D:12     | 23432 ||| DROPPING +2 hat of willpower.
 23433 | D:12     | 23433 ||| UPGRADING to +2 kite shield of reflection.
 23443 | D:12     | 23443 ||| DROPPING +0 kite shield.
 23444 | D:12     | 23444 ||| READING scroll labelled MUKUON XEXEOGG.
 23503 | D:13     | 23503 ||| INVOKING Heroism.
 23504 | D:13     | 23504 ||| SWAPPING to +0 morningstar.
 23505 | D:13     | 23505 ||| INVOKING Finesse.
 23525 | D:13     | 23525 ||| SWAPPING to +0 vampiric war axe.
 23530 | D:13     | 23530 ||| Stepping ~*~*~tactically~*~*~ (stealth).
 23539 | D:13     | 23539 ||| Stepping ~*~*~tactically~*~*~ (stealth).
 23540 | D:13     | 23540 ||| Stepping ~*~*~tactically~*~*~ (stealth).
 23560 | D:13     | 23560 ||| Stepping ~*~*~tactically~*~*~ (hiding).
 23631 | D:13     | 23631 ||| Stepping ~*~*~tactically~*~*~ (stealth).
 23633 | D:13     | 23633 ||| Stepping ~*~*~tactically~*~*~ (hiding).
 23636 | D:13     | 23636 ||| INVOKING Heroism.
 23716 | D:13     | Noticed Sonja
 23717 | D:13     | 23717 ||| INVOKING Finesse.
 23727 | D:13     | Killed Sonja
 23792 | D:13     | 23792 ||| INVOKING Heroism.
 23793 | D:13     | 23793 ||| INVOKING Finesse.
 23795 | D:13     | 23795 ||| SWAPPING to +0 morningstar.
 23809 | D:13     | 23809 ||| SWAPPING to +0 vampiric war axe.
 23844 | D:13     | 23844 ||| DRINKING 2 potions of mutation.
 23844 | D:13     | Lost mutation: You are partially covered in iridescent
                  | scales. (AC +2) [potion of mutation]
 23844 | D:13     | Lost mutation: You have supernaturally acute eyesight.
                  | (SInv) [potion of mutation]
 23844 | D:13     | Gained mutation: You are partially covered in iridescent
                  | scales. (AC +2) [potion of mutation]
 23844 | D:13     | Gained mutation: You passively map a small area around you.
                  | [potion of mutation]
 23844 | D:13     | Gained mutation: You do not regenerate when monsters are
                  | visible. [potion of mutation]
 23845 | D:13     | 23845 ||| DRINKING potion of mutation.
 23845 | D:13     | Lost mutation: You passively map a small area around you.
                  | [potion of mutation]
 23845 | D:13     | Lost mutation: You do not regenerate when monsters are
                  | visible. [potion of mutation]
 23845 | D:13     | Lost mutation: You are partially covered in iridescent
                  | scales. (AC +2) [potion of mutation]
 23845 | D:13     | Gained mutation: Your body sometimes deteriorates upon
                  | taking damage. [potion of mutation]
 23845 | D:13     | Gained mutation: You have sharp toenails. [potion of
                  | mutation]
 23845 | D:13     | Gained mutation: You occasionally shout uncontrollably at
                  | your foes. [potion of mutation]
 23907 | D:13     | 23907 ||| Stepping ~*~*~tactically~*~*~ (stealth).
 23919 | D:13     | 23919 ||| Stepping ~*~*~tactically~*~*~ (stealth).
 23922 | D:13     | 23922 ||| Stepping ~*~*~tactically~*~*~ (stealth).
 23931 | D:13     | 23931 ||| Stepping ~*~*~tactically~*~*~ (stealth).
 24023 | D:13     | 24023 ||| INVOKING Heroism.
 24220 | D:13     | 24220 ||| Stepping ~*~*~tactically~*~*~ (hiding).
 24256 | D:13     | Identified the +6 halberd of Guilt {vorpal, Int+3}
 24259 | D:13     | 24259 ||| INVOKING Heroism.
 24263 | D:13     | Reached skill level 12 in Shields
 24263 | D:13     | Reached XP level 15. HP: 84/96 MP: 19/22
 24281 | D:13     | 24281 ||| INVOKING Heroism.
 24303 | D:13     | Reached skill level 16 in Axes
 24312 | D:13     | Found a gate to the Vaults.
 24468 | D:14     | 24468 ||| READING scroll of acquirement.
 24468 | D:14     | 24468 ||| ACQUIRING 804 gold pieces
 24468 | D:14     | Acquired 804 gold pieces
 24513 | D:14     | 24513 ||| Stepping ~*~*~tactically~*~*~ (hiding).
 24516 | D:14     | 24516 ||| INVOKING Heroism.
 24595 | D:14     | 24595 ||| INVOKING Heroism.
 24596 | D:14     | 24596 ||| Stepping ~*~*~tactically~*~*~ (stealth).
 24758 | D:14     | Found Xutoef's Distillery.
 24765 | D:14     | 24765 ||| READING scroll of acquirement.
 24765 | D:14     | 24765 ||| ACQUIRING 873 gold pieces
 24765 | D:14     | Acquired 873 gold pieces
 24768 | D:14     | 24768 ||| BUYING potion of curing (51 gold).
 24768 | D:14     | Bought a potion of curing for 51 gold pieces
 24768 | D:14     | 24768 ||| BUYING potion of curing (51 gold).
 24768 | D:14     | Bought a potion of curing for 51 gold pieces
 24768 | D:14     | 24768 ||| BUYING potion of haste (170 gold).
 24768 | D:14     | Bought a potion of haste for 170 gold pieces
 24768 | D:14     | 24768 ||| BUYING potion of heal wounds (85 gold).
 24768 | D:14     | Bought a potion of heal wounds for 85 gold pieces
 24768 | D:14     | 24768 ||| BUYING potion of might (68 gold).
 24768 | D:14     | Bought a potion of might for 68 gold pieces
 24768 | D:14     | 24768 ||| BUYING potion of mutation (136 gold).
 24768 | D:14     | Bought a potion of mutation for 136 gold pieces
 24768 | D:14     | 24768 ||| BUYING potion of resistance (170 gold).
 24768 | D:14     | Bought a potion of resistance for 170 gold pieces
 24768 | D:14     | 24768 ||| DRINKING potion of mutation.
 24768 | D:14     | Lost mutation: You have sharp toenails. [potion of
                  | mutation]
 24768 | D:14     | Lost mutation: You occasionally shout uncontrollably at
                  | your foes. [potion of mutation]
 24768 | D:14     | Gained mutation: You expend magic power (3 MP) to
                  | strengthen your wands. [potion of mutation]
 24768 | D:14     | Gained mutation: You possess an exceptional clarity of
                  | mind. [potion of mutation]
 24829 | D:14     | 24829 ||| INVOKING Heroism.
 24830 | D:14     | 24830 ||| INVOKING Finesse.
 25006 | D:14     | 25006 ||| INVOKING Heroism.
 25007 | D:14     | 25007 ||| INVOKING Finesse.
 25069 | D:14     | 25069 ||| INVOKING Heroism.
 25070 | D:14     | 25070 ||| INVOKING Finesse.
 25072 | D:14     | 25072 ||| SWAPPING to +0 morningstar.
 25082 | D:14     | Reached skill level 12 in Armour
 25082 | D:14     | 25082 ||| SWAPPING to +0 vampiric war axe.
 25140 | D:15     | Entered Level 15 of the Dungeon
 25204 | D:15     | 25204 ||| Stepping ~*~*~tactically~*~*~ (hiding).
 25206 | D:15     | 25206 ||| INVOKING Heroism.
 25260 | D:15     | Found a staircase to the Depths.
 25261 | D:15     | 25261 ||| INVOKING Heroism.
 25586 | D:15     | 25586 ||| Stepping ~*~*~tactically~*~*~ (hiding).
 25587 | D:15     | 25587 ||| INVOKING Heroism.
 25636 | D:15     | 25636 ||| Stepping ~*~*~tactically~*~*~ (stealth).
 25643 | D:15     | Noticed a fire giant
 25644 | D:15     | 25644 ||| INVOKING Heroism.
 25678 | D:15     | HP: 13/96 [+1 glaive of freezing (24)]
 25679 | D:15     | 25679 ||| READING 13 scrolls of teleportation.
 25680 | D:15     | 25680 ||| DRINKING 4 potions of heal wounds.
 25738 | D:15     | 25738 ||| PLANNING ORC
 25794 | Orc:1    | Entered Level 1 of the Orcish Mines
 25795 | Orc:1    | 25795 ||| Stepping ~*~*~tactically~*~*~ (hiding).
 25796 | Orc:1    | 25796 ||| INVOKING Heroism.
 25828 | Orc:1    | 25828 ||| Stepping ~*~*~tactically~*~*~ (stealth).
 25847 | Orc:1    | 25847 ||| Stepping ~*~*~tactically~*~*~ (stealth).
 25861 | Orc:1    | Found Jiukyuv's Book Shop.
 25966 | Orc:1    | 25966 ||| INVOKING Heroism.
 26161 | Orc:2    | Entered Level 2 of the Orcish Mines
 26162 | Orc:2    | 26162 ||| STAIRDANCE
 26201 | Orc:2    | Found Keiduap's General Store.
 26202 | Orc:2    | 26202 ||| INVOKING Heroism.
 26232 | Orc:2    | Noticed an orc warlord
 26232 | Orc:2    | 26232 ||| INVOKING Finesse.
 26240 | Orc:2    | 26240 ||| INVOKING Heroism.
 26240 | Orc:2    | HP: 13/98 [orc knight/+3 great sword of draining (18)]
 26240 | Orc:2    | HP: 2/98 [orc high priest/+0 glaive (11)]
 26241 | Orc:2    | 26241 ||| READING 12 scrolls of teleportation.
 26241 | Orc:2    | Annihilated by an orc warrior

Levels and vault maps discovered:
D:1:      sevenhm_arrival_forest_fort_small_6, layout_loops_ring,
          shapermc_ecumenical_altar_acropolis
D:2:      layout_basic
D:3:      layout_rooms, chequers_temple_overflow_minitemple,
          portal_sewer_entry_b, grunt_decor_one_mirror, item_on_display_a
D:4:      layout_gridville, serial_shops, nicolae_shop_bloodbath_and_beyond,
          serial_bayou_pond_a, uniq_blork_the_orc
D:5:      minmay_clustersquares, layout_cave_pods, hangedman_glass_teeth,
          uniq_grinder
D:6:      layout_loops_ring, temple_hall, biasface_ghost_orc_armoury, uniq_pikel
D:7:      layout_rooms, serial_shops, shop, nicolae_wooded_promenade,
          uniq_menkaure
D:8:      layout_basic, lair_entry_dummy, minmay_liquid_box, st_stairs_8,
          uniq_erica
D:9:      layout_stronghold, mainiacjoe_overflow_six_doors_small, uniq_maurice
D:10:     layout_roguey
D:11:     layout_irregular_city
D:12:     layout_loops_ring, hiddenorc2_lemuel, serial_shops,
          nicolae_lakefront_shop, blue_anna_alchemist
D:13:     layout_basic, david_vaults_3, uniq_sonja
D:14:     layout_gridville, serial_park_tiny_pond, serial_shops,
          nicolae_shop_crystal
D:15:     grunt_enter_depths_snipers, layout_loops_cross,
          nicolae_kite_square_tiling_tiny, minmay_checkered_concentric_circles
Temple:   eino_temple_scatter_basement
Lair:1:   layout_concentric_octagons, uniq_gastronok
Lair:2:   layout_cave_shapes, serial_forest, infiniplex_forest_3_way,
          infiniplex_forest_end_3, infiniplex_forest_clump_small,
          infiniplex_forest_split, infiniplex_forest_end_1,
          grunt_forest_stairs_clearing
Lair:3:   layout_cave_shapes, elwin_shoals_entry_rocks,
          minmay_snake_entry_guardpost_small, grunt_megastairs_1
Lair:4:   layout_gridlike, dpeg_slime_entry_enclosed, basic_altar
Lair:5:   grunt_lair_end_beastmaster, layout_layer_cave, patterned_corridor,
          uniq_snorg
Orc:1:    hellmonk_paralyzer, layout_caves, serial_shops, shop
Orc:2:    grunt_orc_gardens, layout_caves, grunt_orc_garden, grunt_orc_garden,
          grunt_orc_garden, grunt_orc_garden, serial_shops,
          nicolae_shop_competitors_out_of_business

Skill      XL: |  1  2  3  4  5  6  7  8  9 10 11 12 13 14 15 |
---------------+----------------------------------------------+-----
Axes           | 2 3 4 5 6 7 8 10 11 12 13 15 16 | 16.0
Dodging        | 1 2 |  2.0
Fighting       | 4 6 7 8 9 10 11 12 13 | 13.0
Armour         | 4 5 7 8 11 12 | 12.0
Invocations    | 3 4 9 10 | 10.0
Shields        | 4 5 6 7 12 13 | 13.0
Throwing       | |  0.2

Action                   |  1- 3 |  4- 6 |  7- 9 | 10-12 | 13-15 || total
-------------------------+-------+-------+-------+-------+-------++-------
Melee: War axe           |   120 |    65 |    19 |   464 |  1515 ||  2183
       Broad axe         |       |   131 |   105 |       |       ||   236
       Flail             |       |       |       |    12 |    57 ||    69
       Morningstar       |       |       |       |       |    38 ||    38
Throw: Boomerang         |       |       |       |       |     5 ||     5
Invok: Heroism           |       |       |     8 |    26 |    61 ||    95
       Finesse           |       |       |       |     1 |    16 ||    17
  Use: Scroll            |     4 |     9 |     7 |     4 |    12 ||    36
       Potion            |       |     5 |     3 |     2 |     7 ||    17
Armor: Scale mail        |    55 |    33 |       |       |       ||    88
       Ring mail         |       |    46 |     9 |       |       ||    55
       Plate armour      |       |       |    51 |   310 |  1026 ||  1387
Dodge: Dodged            |    45 |    73 |    41 |   127 |   420 ||   706
       Repelled          |       |       |     2 |     6 |     1 ||     9
Block: Buckler           |    18 |    28 |    21 |   113 |   168 ||   348
       Kite shield       |       |       |       |       |   579 ||   579
       Reflection        |       |       |       |       |    24 ||    24

Table legend:
 A = Non-vault XP
 B = Vault XP
 C = Vault XP percentage of total XP
 D = Non-vault monster count
 E = Vault monster count
 F = Vault count percentage of total count
                 A         B        C        D         E       F
            +---------+---------+-------+---------+---------+-------
      Total |   85416 |   28849 |  25.2 |     423 |     141 |  25.0
            +---------+---------+-------+---------+---------+-------
        D:1 |      48 |       0 |   0.0 |      25 |       0 |   0.0
        D:2 |      42 |       0 |   0.0 |      18 |       0 |   0.0
        D:3 |      53 |      21 |  28.4 |      18 |       5 |  21.7
        D:4 |      43 |      90 |  67.7 |      11 |       1 |   8.3
        D:5 |     189 |     522 |  73.4 |       4 |       8 |  66.7
        D:6 |    1104 |     617 |  35.9 |       9 |       1 |  10.0
        D:7 |    1243 |     169 |  12.0 |      22 |       1 |   4.3
        D:8 |     476 |     937 |  66.3 |      21 |       3 |  12.5
        D:9 |    2373 |     445 |  15.8 |      22 |       1 |   4.3
       D:10 |    2758 |       0 |   0.0 |      27 |       0 |   0.0
       D:11 |    4186 |       0 |   0.0 |      15 |       0 |   0.0
       D:12 |    6160 |     402 |   6.1 |      12 |      33 |  73.3
       D:13 |    9505 |    6536 |  40.7 |      15 |      21 |  58.3
       D:14 |    8281 |       0 |   0.0 |      17 |       0 |   0.0
       D:15 |    1821 |    5835 |  76.2 |       4 |       7 |  63.6
     Lair:1 |    5558 |    1450 |  20.7 |      24 |       1 |   4.0
     Lair:2 |    7031 |     999 |  12.4 |      21 |       6 |  22.2
     Lair:3 |    3758 |    1082 |  22.4 |      17 |       5 |  22.7
     Lair:4 |   12184 |       0 |   0.0 |      36 |       0 |   0.0
     Lair:5 |   14157 |    8485 |  37.5 |      48 |      18 |  27.3
      Orc:1 |    3279 |       0 |   0.0 |      22 |       0 |   0.0
      Orc:2 |    1167 |     956 |  45.0 |      15 |       7 |  31.8
      Sewer |       0 |     303 | 100.0 |       0 |      23 | 100.0
            +---------+---------+-------+---------+---------+-------
